 Dungeon Crawl Stone Soup version 0.30-a0-782-ge64f9170bb (webtiles) character file.

Game seed: 2851520324398149218

6468 Dirtsage the Cleaver (level 10, -4/111 HPs)
             Began as a Demonspawn Berserker on Mar 15, 2023.
             Was an Elder of Trog.
             Shot with an arrow by a centaur warrior (12 damage)
             ... on level 10 of the Dungeon.
             The game lasted 00:22:23 (8511 turns).

Dirtsage the Cleaver (Demonspawn Berserker)         Turns: 8511, Time: 00:22:24

Health: -4/111     AC: 17    Str: 21    XL:     10   Next: 68%
Magic:  10/10      EV: 12    Int: 10    God:    Trog [****..]
Gold:   520        SH:  0    Dex: 12    Spells: 9/9 levels left

rFire   . . .      SeeInvis .    Q - +0 war axe
rCold   . . .      Faith    .    (no shield)
rNeg    . . .      Spirit   .    I - +0 swamp dragon scales
rPois   +          Reflect  .    (no helmet)
rElec   .          Harm     .    r - +0 cloak {rCorr}
rCorr   +          Rampage  .    f - +0 pair of gloves
Will    .....                    (no boots) Stlth
                                 m - amulet of regeneration
HPRegen 1.18/turn                i - ring of flight
MPRegen 0.12/turn                y - +4 ring of protection

@: berserking (expiring), flying, very quick
A: icy blue scales 2, icemail 1, condensation shield
a: Renounce Religion, Berserk, Trog's Hand, Brothers in Arms


You were on level 10 of the Dungeon.
You worshipped Trog.
Trog was greatly pleased with you.
You visited 2 branches of the dungeon, and saw 11 of its levels.

You collected 520 gold pieces.

Inventory:

Hand Weapons
 a - a +0 hand axe
 D - a +4 spear of venom
 G - a +1 hand axe of freezing
 P - a +2 flail of protection
 Q - a +0 war axe (weapon)
Missiles
 E - 6 curare-tipped darts (quivered)
Armour
 b - a +0 animal skin
 f - a +0 pair of gloves (worn)
 l - a +0 scale mail
 r - a +0 cloak of preservation (worn)
 F - +0 steam dragon scales
 I - +0 swamp dragon scales (worn)
Jewellery
 i - a ring of flight (left hand)
 m - an amulet of regeneration (around neck)
 y - a +4 ring of protection (right hand)
 J - an amulet of the acrobat
Wands
 q - a wand of iceblast (11)
 C - a wand of flame (29)
 N - a wand of light (7)
 R - a wand of charming (12)
Scrolls
 c - 5 scrolls of identify {unknown}
 d - 4 scrolls of immolation {unknown}
 g - a scroll of enchant armour {unknown}
 j - 2 scrolls of enchant weapon {unknown}
 n - a scroll of amnesia {unknown}
 v - 3 scrolls of blinking {unknown}
 x - a scroll of noise {unknown}
 z - a scroll of magic mapping {unknown}
 A - 2 scrolls of fear {unknown}
 H - 2 scrolls of vulnerability {unknown}
 K - a scroll of poison {unknown}
 L - a scroll of butterflies {unknown}
 M - 2 scrolls of teleportation {unknown}
Potions
 e - 3 potions of invisibility {unknown}
 h - 3 potions of might {unknown}
 k - 4 potions of degeneration {unknown}
 o - 7 potions of curing {unknown}
 p - a potion of berserk rage {unknown}
 s - 3 potions of attraction {unknown}
 t - 3 potions of magic {unknown}
 u - 2 potions of brilliance {unknown}
 w - a potion of cancellation {unknown}
 B - a potion of mutation {unknown}
 O - a potion of flight {unknown}


   Skills:
 + Level 5.4 Fighting
 * Level 13.3 Axes
 + Level 4.4 Armour
 + Level 4.4 Dodging


You had 9 spell levels left.
You didn't know any spells.
Your spell library contained the following spells:

 Spells                   Type           Power      Damage    Failure   Level
 Beastly Appendage        Tmut           0%         N/A       52%         1
 Ensorcelled Hibernation  Hex/Ice        0%         N/A       65%         2
 Lesser Beckoning         Tloc           0%         N/A       65%         2
 Passwall                 Tmut/Erth      0%         N/A       65%         2
 Wereblood                Tmut           0%         N/A       65%         2
 Call Canine Familiar     Summ           0%         N/A       87%         3
 Gell's Gravitas          Tloc           0%         N/A       87%         3
 Portal Projectile        Hex/Tloc       0%         N/A       87%         3
 Spider Form              Tmut/Pois      0%         N/A       87%         3
 Swiftness                Air            0%         N/A       87%         3
 Teleport Other           Tloc           0%         N/A       87%         3
 Leda's Liquefaction      Hex/Erth       0%         N/A       99%         4


Dungeon Overview and Level Annotations

Branches:
Dungeon (10/15)            Temple (1/1) D:6             Orc (0/2) D:9
   Lair: D:8-11

Altars:
Ashenzari
Cheibriados
Dithmenos
Fedhas
Gozag
Hepliaklqana
Kikubaaqudgha
Makhleb
Nemelex Xobeh
Okawaru
Qazlal
Ru
Trog
Uskayaw
Vehumet
Xom

Shops:
D:2 (


Innate Abilities, Weirdness & Mutations

You are mostly covered in icy blue scales. (AC +3)
A meltable icy envelope protects you from harm. (AC +0)
A meltable shield of frost defends you. (SH +0)


Message History

A centaur warrior comes into view. It is wielding a staff of death.
You hit the efreet but do no damage.
The efreet is severely wounded.
The efreet hits you with a +4 scimitar of flaming!
* * * LOW HITPOINT WARNING * * *
The efreet burns you.
* * * LOW HITPOINT WARNING * * *
You take 12 damage, and have 3/111 hp.
You slash the efreet!
You kill the efreet!
Trog accepts your kill.
The centaur warrior wields a +0 longbow.
The centaur warrior shoots an arrow.
The arrow closely misses you.
You hear a shout! x2
Okay, then.
You hit the cyan ugly thing.
The cyan ugly thing is lightly wounded.
Unknown command.
You slash the cyan ugly thing!
The cyan ugly thing is moderately wounded.
The cyan ugly thing claws you but does no damage.
You are too berserk!
You barely miss the cyan ugly thing.
The cyan ugly thing is moderately wounded.
A shadow comes into view.
You slash the cyan ugly thing!
The cyan ugly thing is heavily wounded.
The cyan ugly thing barely misses you.
You slash the cyan ugly thing!
The cyan ugly thing is severely wounded.
You slash the cyan ugly thing!
The cyan ugly thing is almost dead.
The cyan ugly thing misses you.
You closely miss the cyan ugly thing.
The cyan ugly thing is almost dead.
You slash the cyan ugly thing!
You kill the cyan ugly thing!
Trog accepts your kill.
The centaur warrior shoots an arrow.
The arrow hits you!
You die...

.............## #..# #...
..............## ##.#
#... ...............##
#.#### #...
................####....#
#...
........................#
####
...###+#####'#####+###.##
.. #.....# #..####
#..##.# #.....## +.#@##+
+.###... #.##)W# #.# ####
#. c.# #.# # ## ### #.#
#.. #.. +.


You could see a centaur warrior and a shadow.

Vanquished Creatures
  Pikel (D:5)
  An ugly thing (D:10)
  An efreet (D:10)
  Prince Ribbit (D:5)
  9 yaks
  4 steam dragons
  A water moccasin (D:7)
  4 orc warriors
  An ice beast (D:7)
  A black bear (D:5)
  2 sky beasts
  2 centaurs
  An ogre (D:7)
  3 phantoms
  Blork the orc (D:5)
  4 bullfrogs
  A necrophage (D:6)
  A gnoll sergeant (D:5)
  4 scorpions
  3 wights (D:6)
  8 killer bees
  An electric eel (D:7)
  3 howler monkeys
  2 jellies
  6 orc priests
  2 hounds (D:6)
  Crazy Yiuf (D:2)
  Ijyb (D:5)
  9 iguanas
  8 orc wizards
  8 adders
  14 gnolls
  A white imp (D:8)
  4 worms
  3 dart slugs
  25 orcs
  9 ball pythons
  11 bats
  9 endoplasms
  5 giant cockroaches
  10 goblins
  12 hobgoblins
  3 quokkas
  6 frilled lizards
  10 kobolds
  7 rats
224 creatures vanquished.

Vanquished Creatures (others)
  2 withered plants (D:2)
2 creatures vanquished.

Grand Total: 226 creatures vanquished

Notes
Turn   | Place    | Note
-------+----------+-------------------------------------------
     0 | D:1      | Dirtsage the Demonspawn Berserker began the quest for the
                  | Orb.
     0 | D:1      | Reached XP level 1. HP: 18/18 MP: 1/1
    49 | D:1      | Reached skill level 3 in Axes
    94 | D:1      | Gained mutation: A meltable shield of frost defends you.
                  | (SH +0) [demonic ancestry]
    94 | D:1      | Reached XP level 2. HP: 24/24 MP: 2/2
   461 | D:1      | Reached ** piety under Trog
   502 | D:1      | Reached XP level 3. HP: 27/29 MP: 3/3
   804 | D:1      | Reached skill level 4 in Axes
   834 | D:2      | Gained mutation: You are partially covered in icy blue
                  | scales. (AC +2) [demonic ancestry]
   834 | D:2      | Reached XP level 4. HP: 35/35 MP: 4/4
   967 | D:2      | Found a faded altar of an unknown god.
  1052 | D:2      | Found a runed translucent door.
  1053 | D:2      | Noticed Crazy Yiuf
  1084 | D:2      | Found Aczut's Weapon Emporium.
  1443 | D:2      | Killed Crazy Yiuf
  1444 | D:2      | Reached skill level 5 in Axes
  1667 | D:3      | Gained mutation: You are mostly covered in icy blue scales.
                  | (AC +3) [demonic ancestry]
  1667 | D:3      | Reached XP level 5. HP: 35/41 MP: 5/5
  1762 | D:3      | Found a radiant altar of Vehumet.
  1764 | D:3      | Found a shadowy altar of Dithmenos.
  2040 | D:3      | Reached *** piety under Trog
  2376 | D:4      | Noticed a phantom
  2387 | D:4      | Killed a phantom
  2388 | D:4      | Reached skill level 6 in Axes
  2461 | D:4      | Reached XP level 6. HP: 34/47 MP: 6/6
  3213 | D:5      | Entered Level 5 of the Dungeon
  3227 | D:5      | Noticed Ijyb
  3252 | D:5      | Killed Ijyb
  3253 | D:5      | Reached skill level 7 in Axes
  3267 | D:5      | Noticed Pikel
  3286 | D:5      | Killed Pikel
  3287 | D:5      | Reached skill level 8 in Axes
  3287 | D:5      | Gained mutation: A meltable icy envelope protects you from
                  | harm. (AC +0) [demonic ancestry]
  3287 | D:5      | Reached XP level 7. HP: 52/52 MP: 7/7
  3311 | D:5      | Reached skill level 9 in Axes
  3311 | D:5      | Reached XP level 8. HP: 52/58 MP: 8/8
  3531 | D:5      | Noticed Prince Ribbit
  3569 | D:5      | Killed Prince Ribbit
  3767 | D:5      | Noticed Blork the orc
  3780 | D:5      | Killed Blork the orc
  3781 | D:5      | Reached skill level 10 in Axes
  4742 | D:6      | Reached skill level 11 in Axes
  4750 | D:6      | Reached XP level 9. HP: 38/63 MP: 9/9
  4797 | D:6      | Reached **** piety under Trog
  4984 | D:6      | Found a staircase to the Ecumenical Temple.
  4993 | Temple   | Entered the Ecumenical Temple
  5495 | D:6      | Reached skill level 12 in Axes
  6497 | D:7      | Found an opulent altar of Gozag.
  6684 | D:8      | Reached XP level 10. HP: 72/72 MP: 10/10
  7163 | D:8      | Found an ancient bone altar of Kikubaaqudgha.
  7229 | D:8      | Found an iron altar of Okawaru.
  7324 | D:9      | Found a hazy altar of Hepliaklqana.
  7597 | D:9      | Reached skill level 13 in Axes
  7612 | D:9      | Reached skill level 5 in Fighting
  7684 | D:9      | Found a hide-covered altar of Uskayaw.
  7784 | D:9      | Found a staircase to the Orcish Mines.
  8351 | D:10     | Entered Level 10 of the Dungeon
  8499 | D:10     | Noticed a cyan ugly thing
  8501 | D:10     | Noticed a centaur warrior
  8502 | D:10     | HP: 4/111 [efreet/+4 scimitar of flaming (12)]
  8511 | D:10     | Killed a cyan ugly thing
  8511 | D:10     | Shot with an arrow by a centaur warrior

Illustrated notes

Levels and vault maps discovered:
D:1:      dpeg_arrival_short_road, layout_loops_ring, chequers_avenue
D:2:      minmay_evil_eye, layout_rooms, serial_shops, shop,
          shapermc_ecumenical_altar_gd, uniq_crazy_yiuf_cottage
D:3:      minmay_razor_zed, layout_loops_cross, nicolae_overflow_hidden_temple
D:4:      layout_cave_pods
D:5:      layout_layer_cave, uniq_pikel, uniq_prince_ribbit1, uniq_ijyb,
          uniq_blork_the_orc
D:6:      cheibrodos_steamvent, layout_gridville, temple_statues,
          kennysheep_generic_room_13
D:7:      layout_basic, mainiacjoe_overflow_chevrons, general_overflow_altar,
          kennysheep_cross_room
D:8:      layout_rooms, lemuel_crystal_altar,
          hellmonk_okawaru_the_only_friend_you_need
D:9:      layout_gridville, mainiacjoe_overflow_brackets,
          mainiacjoe_overflow_concentric_impassable
D:10:     minmay_the_grid_square_5x5_3x3 [minmay_the_grid_square_5x5_empty,
          minmay_the_grid_square_5x5_longway,
          minmay_the_grid_square_5x5_detours, minmay_the_grid_square_5x5_eight,
          minmay_the_grid_square_5x5_megaprize_diamond,
          minmay_the_grid_square_5x5_minivault,
          minmay_the_grid_square_5x5_pentomino_r,
          minmay_the_grid_square_5x5_checkered_statues,
          minmay_the_grid_square_5x5_hollow_slash], layout_cave_pods
Temple:   nicolae_temple_bog_church

Skill      XL: |  1  2  3  4  5  6  7  8  9 10 |
---------------+-------------------------------+-----
Axes           | 3 4 5 6 8 9 11 12 13 | 13.3
Armour         | 3 4 |  4.4
Dodging        | 3 4 |  4.4
Fighting       | 4 5 |  5.4

Action                     |  1- 3 |  4- 6 |  7- 9 | 10-12 || total
---------------------------+-------+-------+-------+-------++-------
  Melee: Hand axe          |   112 |   284 |   499 |   142 ||  1037
         Punch             |     1 |     3 |     5 |     2 ||    11
         War axe           |       |       |       |    97 ||    97
 Invoke: Berserk           |       |     2 |     3 |     3 ||     8
         Trog's Hand       |       |     1 |     1 |     1 ||     3
 Armour: Animal skin       |    21 |       |       |       ||    21
         Scale mail        |    16 |   113 |   120 |       ||   249
         Swamp dragon scal |       |       |    66 |   104 ||   170
         Steam dragon scal |       |       |    27 |       ||    27
  Dodge: Dodged            |    56 |   105 |   219 |   110 ||   490
  Block: Other             |    15 |    24 |    63 |    28 ||   130

Table legend: (Time is in decaauts)
 A = Elapsed time spent in this place.
 B = Non-inter-level travel time spent in this place.
 C = Inter-level travel time spent in this place.
 D = Time resting spent in this place.
 E = Time spent auto-exploring this place.
 F = Levels seen in this place.
 G = Mean time per level.
                   A        B        C        D        E       F      G
               +--------+--------+--------+--------+--------+-----+--------+
         Total |   8395 |   7846 |    549 |     95 |   6004 |  11 |  763.2 |
       Dungeon |   8302 |   7762 |    540 |     95 |   5931 |  10 |  830.2 |
        Temple |     92 |     83 |      9 |      0 |     73 |   1 |   92.0 |
               +--------+--------+--------+--------+--------+-----+--------+

Top non-repeatable levels by time:
     D:5: 1458 daAuts
     D:6: 1121 daAuts
     D:9: 896 daAuts
     D:3: 887 daAuts
     D:4: 846 daAuts
     D:1: 818 daAuts
     D:7: 786 daAuts
     D:2: 689 daAuts
     D:8: 644 daAuts
    D:10: 152 daAuts
  Temple: 92 daAuts
